MID
LAKEWOOD BLUECLAWS @ GREENSBORO GRASSHOPPERS
04/10/2045
 
TOP OF THE 1ST
Lakewood BlueClaws batting - Pitching for Greensboro Grasshoppers : RHP Jeremy Akande
Pitching: RHP Jeremy Akande
Batting: RHB Chris Myers 0-0: Foul Ball, location: 2F
0-1: Ball
1-1: Foul Ball, location: 2F
1-2: Strikes out swinging
Batting: LHB Jose Carlos 0-0: Called Strike
0-1: Called Strike
0-2: Ball
1-2: Foul Ball, location: 2F
1-2: Foul Ball, location: 2F
1-2: Foul Ball, location: 2F
1-2: Strikes out swinging
Batting: RHB Matt McDevitt 0-0: Called Strike
0-1: Ball
1-1: Ball
2-1: Fly out, F9 (Flyball, 9S, EV 90.6 MPH)
Top of the 1st over - 0 runs, 0 hits, 0 errors, 0 left on base; Lakewood 0 - Greensboro 0
BOTTOM OF THE 1ST
Greensboro Grasshoppers batting - Pitching for Lakewood BlueClaws : RHP John Hughes
Pitching: RHP John Hughes
Batting: RHB Rick Fell 0-0: Called Strike
0-1: Ball
1-1: Called Strike
1-2: Fly out, F9 (Flyball, 89S, EV 83.1 MPH)
Batting: LHB Jose Cabello 0-0: Ball
1-0: Ground out 1-3 (Groundball, 13S, EV 72.5 MPH)
Batting: RHB Akira Suzuki 0-0: Ball
1-0: Ball
2-0: Ground out 6-3 (Groundball, 6, EV 86.2 MPH)
Bottom of the 1st over - 0 runs, 0 hits, 0 errors, 0 left on base; Lakewood 0 - Greensboro 0
TOP OF THE 2ND
Lakewood BlueClaws batting - Pitching for Greensboro Grasshoppers : RHP Jeremy Akande
Batting: LHB Josh George 0-0: Ball
1-0: Ball
2-0: Called Strike
2-1: Ball
3-1: Foul Ball, location: 2F
3-2: Foul Ball, location: 2F
3-2: Fly out, F8 (Flyball, 8RS, EV 83.1 MPH)
Batting: RHB Manny Mendoza 0-0: Ground out 4-3 (Groundball, 4, EV 103.8 MPH)
Batting: RHB Roberto Ruiz 0-0: Swinging Strike
0-1: Ground out 6-3 (Groundball, 6, EV 83.8 MPH)
Top of the 2nd over - 0 runs, 0 hits, 0 errors, 0 left on base; Lakewood 0 - Greensboro 0
BOTTOM OF THE 2ND
Greensboro Grasshoppers batting - Pitching for Lakewood BlueClaws : RHP John Hughes
Batting: RHB Willie Chavez 0-0: Called Strike
0-1: Ball
1-1: Ball
2-1: Foul Ball, location: 2F
2-2: Foul Ball, location: 2F
2-2: Foul Ball, location: 2F
2-2: Ball
3-2: Foul Ball, location: 2F
3-2: Fly out, F8 (Flyball, 8LM, EV 82.5 MPH)
Batting: RHB Gavin Helton 0-0: Ball
1-0: Ball
2-0: Ball
3-0: Called Strike
3-1: Base on Balls
Batting: RHB Jerry Delgado 0-0: Ball
Gavin Helton steals 2nd base
1-0: Ball
Gavin Helton steals 3rd base
2-0: Called Strike
2-1: Ball
3-1: Foul Ball, location: 2F
3-2: Strikes out swinging
Batting: RHB Kyle Ashton 0-0: SINGLE (Groundball, 4MD, EV 96.9 MPH)
Gavin Helton scores
Batting: RHB John Jackson 0-0: Called Strike
Kyle Ashton steals 2nd base
0-1: Called Strike
0-2: Ball
1-2: Ball
2-2: Strikes out swinging
Bottom of the 2nd over - 1 run, 1 hit, 0 errors, 1 left on base; Lakewood 0 - Greensboro 1
TOP OF THE 3RD
Lakewood BlueClaws batting - Pitching for Greensboro Grasshoppers : RHP Jeremy Akande
Batting: RHB Prabhukumar Santhanakrishnan 0-0: Ball
1-0: Ball
2-0: Ball
3-0: Called Strike
3-1: Foul Ball, location: 2F
3-2: Base on Balls
Batting: RHB Gary Hills 0-0: Ball
1-0: Ball
2-0: Called Strike
2-1: Called Strike
2-2: Ball
3-2: Strikes out swinging
Batting: RHB Pablo Lopez 0-0: Ball
1-0: Ball
Prabhukumar Santhanakrishnan steals 2nd base (no throw)
2-0: Called Strike
2-1: Fly out, F9 (Flyball, 9LM, EV 91.9 MPH)
Batting: RHB Chris Myers 0-0: Called Strike
0-1: Ball
1-1: Ground out 2-3 (Groundball, 2L, EV 67.5 MPH)
Top of the 3rd over - 0 runs, 0 hits, 0 errors, 1 left on base; Lakewood 0 - Greensboro 1
BOTTOM OF THE 3RD
Greensboro Grasshoppers batting - Pitching for Lakewood BlueClaws : RHP John Hughes
Batting: RHB Humberto Oros 0-0: SINGLE (Groundball, 4MD, EV 98.1 MPH)
Batting: RHB Rick Fell 0-0: Ball
Humberto Oros steals 2nd base
1-0: Foul Ball, location: 2F
1-1: Called Strike
1-2: Foul Ball, location: 2F
1-2: Fly out, F9 (Flyball, 9, EV 85.0 MPH)
Runner from 2nd tags up, SAFE at 3rd with throw by RF
Batting: LHB Jose Cabello 0-0: SINGLE (Groundball, 34D, EV 103.8 MPH)
Humberto Oros scores
Batting: RHB Akira Suzuki 0-0: Ball
1-0: Ball
2-0: Called Strike
2-1: TRIPLE (Line Drive, 78XD, EV 106.9 MPH)
Jose Cabello scores
Batting: RHB Willie Chavez 0-0: Ball
1-0: Foul Ball, location: 2F
1-1: Foul Ball, location: 2F
1-2: Ground out 5-3 (Groundball, 56S, EV 67.5 MPH)
Akira Suzuki scores
Batting: RHB Gavin Helton 0-0: Ball
1-0: Ball
2-0: SINGLE (Groundball, 56D, EV 99.4 MPH)
Batting: RHB Jerry Delgado 0-0: Called Strike
Gavin Helton steals 2nd base (no throw)
0-1: Ball
1-1: SINGLE (Line Drive, 3D, EV 102.5 MPH)
Gavin Helton to third
Runner from 3rd tries for Home, SAFE, throw by RF to home
Jerry Delgado to second
Pitching: LHP Gabe Benitez
Batting: RHB Kyle Ashton 0-0: Ball
1-0: Called Strike
1-1: Ball
2-1: Foul Ball, location: 2F
2-2: Ball
3-2: Strikes out looking
Bottom of the 3rd over - 4 runs, 5 hits, 0 errors, 1 left on base; Lakewood 0 - Greensboro 5
TOP OF THE 4TH
Lakewood BlueClaws batting - Pitching for Greensboro Grasshoppers : RHP Jeremy Akande
Batting: LHB Jose Carlos 0-0: Ball
1-0: Foul Ball, location: 2F
1-1: Swinging Strike
1-2: Strikes out swinging
Batting: RHB Matt McDevitt 0-0: Called Strike
0-1: Ball
1-1: Ball
2-1: SINGLE (Line Drive, 89M, EV 96.9 MPH)
Batting: LHB Josh George 0-0: Ball
1-0: Grounds into double play, 4-6-3 (Groundball, 13, EV 80.0 MPH)
Top of the 4th over - 0 runs, 1 hit, 0 errors, 0 left on base; Lakewood 0 - Greensboro 5
BOTTOM OF THE 4TH
Greensboro Grasshoppers batting - Pitching for Lakewood BlueClaws : LHP Gabe Benitez
Batting: RHB John Jackson 0-0: Called Strike
0-1: Ball
1-1: Called Strike
1-2: Ball
2-2: Ball
3-2: Ground out 4-3 (Groundball, 4MS, EV 68.8 MPH)
Batting: RHB Humberto Oros 0-0: Foul Ball, location: 2F
0-1: Ball
1-1: SINGLE (Line Drive, 6M, EV 97.5 MPH)
Batting: RHB Rick Fell 0-0: Ball
1-0: Called Strike
1-1: Ball
2-1: Ball
3-1: Base on Balls
Humberto Oros to second
Batting: LHB Jose Cabello 0-0: Ball
1-0: Ball
2-0: Ball
3-0: Called Strike
3-1: Fly out, F8 (Flyball, 8LXD, EV 98.8 MPH)
Runner from 2nd tags up, SAFE at 3rd, no throw by CF
Batting: RHB Akira Suzuki 0-0: Ball
1-0: Ball
2-0: Ball
3-0: Called Strike
3-1: SINGLE (Line Drive, 7S, EV 102.5 MPH)
Humberto Oros scores
Rick Fell to second
Batting: RHB Willie Chavez 0-0: Fly out, F4 (Popup, 4, EV 65.6 MPH)
Bottom of the 4th over - 1 run, 2 hits, 0 errors, 2 left on base; Lakewood 0 - Greensboro 6
TOP OF THE 5TH
Lakewood BlueClaws batting - Pitching for Greensboro Grasshoppers : RHP Jeremy Akande
Batting: RHB Manny Mendoza 0-0: Called Strike
0-1: Swinging Strike
0-2: Foul Ball, location: 2F
0-2: Foul Ball, location: 2F
0-2: Foul Ball, location: 2F
0-2: Ball
1-2: Ball
2-2: SINGLE (Flyball, 3D, EV 96.9 MPH)
Batting: RHB Roberto Ruiz 0-0: Called Strike
0-1: DOUBLE (Line Drive, 7LS, EV 95.6 MPH)
Manny Mendoza to third
Batting: RHB Prabhukumar Santhanakrishnan 0-0: Swinging Strike
0-1: Called Strike
0-2: Strikes out swinging
Batting: RHB Gary Hills 0-0: Ball
1-0: Swinging Strike
1-1: Swinging Strike
1-2: Fly out, F8 (Flyball, 8LXD, EV 91.2 MPH)
Runner from 3rd tags up, SCORES, no throw by CF
Batting: RHB Pablo Lopez Balk!
Roberto Ruiz to third
0-0: Ball
1-0: Ball
2-0: Foul Ball, location: 2F
2-1: Ball
3-1: Swinging Strike
3-2: Base on Balls
Batting: RHB Chris Myers 0-0: Foul Ball, location: 2F
0-1: SINGLE (Groundball, 3D, EV 105.6 MPH)
Roberto Ruiz scores
Pablo Lopez to second
Runner from 2nd tries for 3rd, OUT! 9-5
Top of the 5th over - 2 runs, 3 hits, 0 errors, 1 left on base; Lakewood 2 - Greensboro 6
BOTTOM OF THE 5TH
Greensboro Grasshoppers batting - Pitching for Lakewood BlueClaws : LHP Gabe Benitez
Batting: RHB Gavin Helton 0-0: Ground out U3 (Groundball, 3, EV 88.8 MPH)
Batting: RHB Jerry Delgado 0-0: Ball
1-0: SINGLE (Groundball, 3S, EV 71.9 MPH) (infield hit)
Pinch Runner at 1st Marco Sianez:
Batting: RHB Kyle Ashton 0-0: Fielders Choice at 2nd, 6-4 (Groundball, 56D, EV 85.6 MPH)
Batting: RHB John Jackson 0-0: Foul Ball, location: 2F
0-1: Called Strike
Kyle Ashton steals 2nd base
0-2: Foul Ball, location: 2F
0-2: Foul Ball, location: 2F
0-2: Foul Ball, location: 2F
0-2: Ball
1-2: Strikes out looking
Bottom of the 5th over - 0 runs, 1 hit, 0 errors, 1 left on base; Lakewood 2 - Greensboro 6
TOP OF THE 6TH
Lakewood BlueClaws batting - Pitching for Greensboro Grasshoppers : RHP Jeremy Akande
Now in CF: Marco Sianez
Batting: LHB Jose Carlos 0-0: Ground out 6-3 (Groundball, 6M, EV 86.9 MPH)
Batting: RHB Matt McDevitt 0-0: Called Strike
0-1: Ball
1-1: Swinging Strike
1-2: Ball
2-2: Strikes out swinging
Batting: LHB Josh George 0-0: Ball
1-0: Ball
2-0: Called Strike
2-1: Ball
3-1: Base on Balls
Pitching: RHP Matt Alexander
Batting: RHB Manny Mendoza 0-0: Ball
1-0: Called Strike
1-1: 2-RUN HOME RUN (Flyball, 9LD, EV 94.4 MPH), Distance : 349 ft
Batting: RHB Roberto Ruiz 0-0: Ball
1-0: Ball
2-0: Called Strike
2-1: Foul Ball, location: 2F
2-2: Strikes out swinging
Top of the 6th over - 2 runs, 1 hit, 0 errors, 0 left on base; Lakewood 4 - Greensboro 6
BOTTOM OF THE 6TH
Greensboro Grasshoppers batting - Pitching for Lakewood BlueClaws : LHP Gabe Benitez
Batting: RHB Humberto Oros 0-0: Ball
1-0: Fly out, F8 (Flyball, 8RD, EV 87.5 MPH)
Batting: RHB Rick Fell 0-0: Ball
1-0: Foul Ball, location: 2F
1-1: Ball
2-1: Foul Ball, location: 2F
2-2: Fly out, F7 (Flyball, 78M, EV 85.0 MPH)
Batting: LHB Jose Cabello 0-0: SINGLE (Groundball, 34D, EV 105.0 MPH)
Pitching: RHP Ronnie DeAngelo
Batting: RHB Akira Suzuki 0-0: Called Strike
0-1: Called Strike
0-2: Foul Ball, location: 2F
0-2: SINGLE (Groundball, 6D, EV 98.8 MPH)
Jose Cabello to second
Batting: RHB Willie Chavez 0-0: Called Strike
0-1: Ball
1-1: Ball
2-1: Foul Ball, location: 2F
2-2: Ball
3-2: Strikes out swinging
Bottom of the 6th over - 0 runs, 2 hits, 0 errors, 2 left on base; Lakewood 4 - Greensboro 6
TOP OF THE 7TH
Lakewood BlueClaws batting - Pitching for Greensboro Grasshoppers : RHP Matt Alexander
Batting: RHB Prabhukumar Santhanakrishnan 0-0: Ball
1-0: Ball
2-0: Ball
3-0: Called Strike
3-1: Called Strike
3-2: Foul Ball, location: 2F
3-2: Foul Ball, location: 2F
3-2: Strikes out swinging
Batting: RHB Gary Hills 0-0: Ball
1-0: Called Strike
1-1: Ball
2-1: Ball
3-1: Base on Balls
Batting: RHB Pablo Lopez 0-0: Ball
Gary Hills steals 2nd base
1-0: Foul Ball, location: 2F
1-1: Ball
2-1: Called Strike
2-2: Ball
3-2: Foul Ball, location: 2F
3-2: Strikes out swinging
Batting: RHB Chris Myers 0-0: Ball
1-0: Ball
2-0: Foul Ball, location: 2F
2-1: Fly out, F7 (Flyball, 7D, EV 93.8 MPH)
Top of the 7th over - 0 runs, 0 hits, 0 errors, 1 left on base; Lakewood 4 - Greensboro 6
BOTTOM OF THE 7TH
Greensboro Grasshoppers batting - Pitching for Lakewood BlueClaws : RHP Ronnie DeAngelo
Pitching: RHP Dustin Hensley
Batting: RHB Gavin Helton 0-0: Ground out 5-3 (Groundball, 56, EV 110.0 MPH)
Batting: RHB Marco Sianez 0-0: Ball
1-0: Ball
2-0: Swinging Strike
2-1: Ball
3-1: Foul Ball, location: 2F
3-2: Ground out 6-3 (Groundball, 6, EV 103.8 MPH)
Batting: RHB Kyle Ashton 0-0: Ball
1-0: Ball
2-0: Foul Ball, location: 2F
2-1: Ball
3-1: Called Strike
3-2: Base on Balls
Batting: RHB John Jackson 0-0: Ball
1-0: Ball
2-0: Called Strike
Kyle Ashton steals 2nd, throwing error, E2
Kyle Ashton to third
2-1: SINGLE (Groundball, 56D, EV 105.6 MPH)
Kyle Ashton scores
Batting: RHB Humberto Oros 0-0: Swinging Strike
0-1: Ball
1-1: Fielders Choice at 2nd, 6-4 (Groundball, 56, EV 96.9 MPH)
Bottom of the 7th over - 1 run, 1 hit, 1 error, 1 left on base; Lakewood 4 - Greensboro 7
TOP OF THE 8TH
Lakewood BlueClaws batting - Pitching for Greensboro Grasshoppers : RHP Matt Alexander
Pitching: LHP Bryan Wedge
Batting: LHB Jose Carlos 0-0: Called Strike
0-1: Ball
1-1: Swinging Strike
1-2: Strikes out swinging
Pitching: RHP Glen Patterson
Batting: RHB Matt McDevitt 0-0: Swinging Strike
0-1: Ball
1-1: Ball
2-1: Ball
3-1: Called Strike
3-2: Strikes out swinging
Batting: LHB Josh George 0-0: DOUBLE (Line Drive, 9LM, EV 112.5 MPH)
Batting: RHB Manny Mendoza 0-0: Ball
1-0: Foul Ball, location: 2F
1-1: Ball
2-1: Called Strike
2-2: Strikes out swinging
Top of the 8th over - 0 runs, 1 hit, 0 errors, 1 left on base; Lakewood 4 - Greensboro 7
BOTTOM OF THE 8TH
Greensboro Grasshoppers batting - Pitching for Lakewood BlueClaws : RHP Dustin Hensley
Pitching: RHP Danny Zuniga
Batting: RHB Rick Fell 0-0: Ball
1-0: Ball
2-0: Ball
3-0: Called Strike
3-1: Base on Balls
Batting: LHB Jose Cabello 0-0: Ball
1-0: Fly out, F7 (Line Drive, 7, EV 96.9 MPH)
Batting: RHB Akira Suzuki 0-0: Ball
1-0: Ball
2-0: Ball
3-0: Base on Balls
Rick Fell to second
Batting: RHB Willie Chavez 0-0: Ball
1-0: Swinging Strike
1-1: Swinging Strike
1-2: Ball
2-2: Fly out, F6 (Popup, P, EV 73.8 MPH)
Batting: RHB Gavin Helton 0-0: Foul Ball, location: 2F
0-1: Foul Ball, location: 2F
0-2: Strikes out looking
Bottom of the 8th over - 0 runs, 0 hits, 0 errors, 2 left on base; Lakewood 4 - Greensboro 7
TOP OF THE 9TH
Lakewood BlueClaws batting - Pitching for Greensboro Grasshoppers : RHP Glen Patterson
Pitching: RHP Tim Poist
Batting: RHB Roberto Ruiz 0-0: Ball
1-0: Ball
2-0: Swinging Strike
2-1: Swinging Strike
2-2: Foul Ball, location: 2F
2-2: Ball
3-2: Foul Ball, location: 2F
3-2: Base on Balls
Batting: RHB Prabhukumar Santhanakrishnan 0-0: Ball
1-0: Swinging Strike
1-1: DOUBLE (Flyball, 89D, EV 91.9 MPH)
Roberto Ruiz to third
Pinch Hitting: LHB Tsuneharu Nishimura 0-0: Ball
1-0: Foul Ball, location: 2F
1-1: Ball
2-1: Ground out 4-3 (Groundball, 4, EV 85.0 MPH)
Roberto Ruiz scores
Prabhukumar Santhanakrishnan to third
Pinch Hitting: RHB Danny Krug 0-0: Ball
1-0: Foul Ball, location: 2F
1-1: Foul Ball, location: 2F
1-2: SINGLE (Flyball, 3D, EV 80.0 MPH)
Prabhukumar Santhanakrishnan scores
Pitching: RHP Tamirat Abboud
Now at 1B: Jordan Arcidez
Batting: RHB Chris Myers 0-0: Ground out U3 (Groundball, 3, EV 79.4 MPH)
Danny Krug to second
Batting: LHB Jose Carlos 0-0: Ball
1-0: Called Strike
1-1: Foul Ball, location: 2F
1-2: Strikes out swinging
Top of the 9th over - 2 runs, 2 hits, 0 errors, 1 left on base; Lakewood 6 - Greensboro 7
Wednesday, June 22nd , 2022 - OOTP Baseball 23.4 Build 64